 Dungeon Crawl Stone Soup version 0.29.1-15-g9cfb28693d (webtiles) character file.

Game seed: 17973134274925033869

121 javelincjr the Magician (level 4, -3/27 HPs)
             Began as a Demonspawn Hedge Wizard on Apr 19, 2023.
             Succumbed to mkat's ghost's poison
             ... on level 3 of the Dungeon on Apr 20, 2023.
             The game lasted 00:11:17 (3109 turns).

javelincjr the Magician (Demonspawn Hedge Wizard)   Turns: 3109, Time: 00:11:18

Health: -3/27      AC:  2    Str: 12    XL:     4   Next: 77%
Magic:  4/9        EV: 12    Int: 13    God:
Gold:   126        SH:  0    Dex: 13    Spells: 5/10 levels left

rFire   . . .      SeeInvis .   h - +3 dagger
rCold   . . .      Faith    .   (no shield)
rNeg    . . .      Spirit   .   b - +0 robe
rPois   .          Reflect  .   c - +0 hat
rElec   .          Harm     .   (no cloak)
rCorr   .          Rampage  .   (no gloves)
Will    .....                   (no boots)
Stlth   ++........              (no amulet)
HPRegen 0.09/turn               (no ring)
MPRegen 0.11/turn               (no ring)

@: lethally poisoned (-3 -> -25), attractive
A: antennae 1, demonic touch 1, dopey 1, frail 1
a: no special abilities


You were on level 3 of the Dungeon.
You visited 1 branch of the dungeon, and saw 3 of its levels.

You collected 126 gold pieces.

Inventory:

Hand Weapons
 a - a +0 dagger
 h - a +3 dagger (weapon)
Armour
 b - a +0 robe (worn)
 c - a +0 hat (worn)
 n - the +1 plate armour of Veteizxol {rN+}
   (You took it off a goblin on level 3 of the Dungeon)

   rN:        It protects you from negative energy.
Wands
 o - a wand of charming (3)
Scrolls
 e - 2 scrolls of amnesia {unknown}
 f - 4 scrolls of teleportation {unknown}
 g - 2 scrolls of magic mapping {unknown}
 i - 3 scrolls of identify {unknown}
 j - a scroll of blinking {unknown}
 k - 2 scrolls of butterflies {unknown}
 l - a scroll of noise {unknown}
 m - a scroll of enchant armour {unknown}
 q - a scroll of fear {unknown}
Potions
 d - a potion of magic


   Skills:
 + Level 0.6 Fighting
 + Level 2.2 Dodging
 + Level 2.3 Stealth
 * Level 3.5 Spellcasting
 + Level 2.0 Conjurations
 + Level 2.0 Summonings
 + Level 1.7 Translocations


You had 5 spell levels left.
You knew the following spells:

 Your Spells              Type           Power      Damage    Failure   Level
a - Magic Dart            Conj           28%        1d4       10%         1
b - Call Imp              Summ           7%         N/A       14%         2
c - Blink                 Tloc           12%        N/A       16%         2

Your spell library contained the following spells:

 Spells                   Type           Power      Damage    Failure   Level
 Slow                     Hex            8%         N/A       22%         1
 Ensorcelled Hibernation  Hex/Ice        4%         N/A       32%         2
 Conjure Flame            Conj/Fire      4%         6-21      41%         3
 Mephitic Cloud           Conj/Pois/Air  4%         N/A       45%         3
 Spider Form              Tmut/Pois      2%         N/A       54%         3
 Anguish                  Hex/Necr       1%         N/A       91%         4


Dungeon Overview and Level Annotations

Branches:
Dungeon (3/15)

Altars:
Trog

Annotations:
D:3 mkat's ghost, amateur DrSu


Innate Abilities, Weirdness & Mutations

You have a pair of small antennae on your head.
Your touch may inflict minor irresistible damage on your foes.
You are dopey. (Int -2)
You are frail. (-10% HP)


Message History

You closely miss mkat's ghost.
Mkat's ghost is moderately damaged.
Mkat's ghost gestures wildly while chanting.
Your shadow imp completely misses mkat's ghost.
The rat bites you.
You hit mkat's ghost but do no damage. Your touch misses mkat's ghost.
Mkat's ghost is moderately damaged.
The quokka disappears in a puff of smoke!
The rat disappears in a puff of smoke!
The bat closely misses you. Mkat's ghost hits you.
You are lethally poisoned!
The bat closely misses you. The rat barely misses your shadow imp.
Your shadow imp hits mkat's ghost.
You hit mkat's ghost.
Mkat's ghost is heavily damaged.
You feel very sick. The bat barely misses you. Mkat's ghost barely misses you.
The bat closely misses you.
Your shadow imp hits mkat's ghost.
The rat completely misses your shadow imp.
You hit mkat's ghost but do no damage.
Mkat's ghost is heavily damaged.
* * * LOW HITPOINT WARNING * * *
You feel very sick. The bat barely misses you. Mkat's ghost hits you.
* * * LOW HITPOINT WARNING * * *
You are more poisoned.
Your shadow imp hits mkat's ghost.
The rat barely misses your shadow imp. The bat barely misses you.
You hit mkat's ghost but do no damage. Your touch misses mkat's ghost.
Mkat's ghost is severely damaged.
* * * LOW HITPOINT WARNING * * *
You feel very sick. The bat misses you.
Mkat's ghost hits you but does no damage.
You are more poisoned.
The rat bites your shadow imp but does no damage.
Your shadow imp hits the rat.
It was a potion of attraction.
You feel attractive to monsters.
You die...

.## .. ..# # #.
#.# >##. #.##.#
... ### #.##†###.#
#.. #.##†....#
#### #.#...b..#
#^##
######.#.#b#######
#...
.....'...#@W5r5~!~
#...
...###..##5#######
##.. #..##r.###.#
#####. #.######
#.## #..... #.#
#..#####.#.#. #.#
##.#......... #.##
#........... #..#
#...##....#. #
#..# #.........#.


You could see an iron imp (summoned), mkat's ghost, a shadow imp (summoned), 2
bats, 2 rats and a friendly shadow imp (summoned).

Vanquished Creatures
  2 adders (D:2)
  2 dart slugs
  An orc (D:3)
  3 endoplasms
  3 giant cockroaches
  9 goblins
  6 hobgoblins
  3 quokkas (D:3)
  3 ball pythons
  5 bats
  A frilled lizard (D:1)
  7 kobolds
  4 rats
49 creatures vanquished.

Vanquished Creatures (collateral kills)
  Robin (D:3)
  2 adders (D:3)
  An orc (D:3)
  7 goblins (D:3)
  4 hobgoblins (D:3)
15 creatures vanquished.

Vanquished Creatures (others)
  3 plants
3 creatures vanquished.

Grand Total: 67 creatures vanquished

Notes
Turn   | Place    | Note
-------+----------+-------------------------------------------
     0 | D:1      | javelincjr the Demonspawn Hedge Wizard began the quest for
                  | the Orb.
     0 | D:1      | Reached XP level 1. HP: 13/13 MP: 4/4
   153 | D:1      | Reached skill level 1 in Translocations
   227 | D:1      | Discovered your monstrous ancestry.
   227 | D:1      | Gained mutation: Your touch may inflict minor irresistible
                  | damage on your foes. [demonic ancestry]
   227 | D:1      | Reached XP level 2. HP: 16/19 MP: 1/6
   781 | D:1      | Found a faded altar of an unknown god.
  1102 | D:2      | Gained mutation: You have a pair of small antennae on your
                  | head. [demonic ancestry]
  1102 | D:2      | Reached XP level 3. HP: 24/24 MP: 3/7
  1761 | D:3      | Learned a level 2 spell: Call Imp
  1764 | D:3      | Learned a level 2 spell: Blink
  1900 | D:3      | Identified the +1 plate armour of Veteizxol {rN+}
  1901 | D:3      | Reached XP level 4. HP: 21/30 MP: 3/9
  1923 | D:3      | Noticed Robin
  1927 | D:3      | Killed Robin
  2114 | D:3      | Found a bloodstained altar of Trog.
  2743 | D:3      | Gained mutation: You are dopey. (Int -2) [potion of
                  | mutation]
  2743 | D:3      | Gained mutation: You are frail. (-10% HP) [potion of
                  | mutation]
  3084 | D:3      | Found a runed translucent door.
  3085 | D:3      | Noticed mkat's ghost (amateur DrSu)
  3109 | D:3      | Succumbed to mkat's ghost's poison

Illustrated notes

Levels and vault maps discovered:
D:1:      lightli_arrival_isolated_outpost, layout_loops_ring,
          dreamdust_ecumenical_altar_angels_and_demons, serial_bayou_pond_d
D:2:      layout_basic
D:3:      layout_loops_cross, lemuel_round_altar, trog_butcher_becter,
          ebering_ghost_sewer_d, serial_bayou_lagoon_a, minmay_pentangle,
          uniq_robin

Skill      XL: |  1  2  3  4 |
---------------+-------------+-----
Translocations | 1 |  1.7
Stealth        | 2 |  2.3
Dodging        | 2 |  2.2
Summonings     | 2 |  2.0
Conjurations   | 2 |  2.0
Fighting       | |  0.6
Spellcasting   | |  3.5

Action                   |  1- 3 |  4- 6 || total
-------------------------+-------+-------++-------
Melee: Dagger            |    40 |    30 ||    70
       Touch             |    11 |     3 ||    14
 Cast: Magic Dart        |    58 |    23 ||    81
       Call Imp          |     3 |     7 ||    10
  Use: Potion            |       |     3 ||     3
 Stab: Sleeping          |     3 |     2 ||     5
Armor: Robe              |     6 |     2 ||     8
       Skin              |       |    10 ||    10
Dodge: Dodged            |    27 |    28 ||    55
